 Dungeon Crawl Stone Soup version 0.26-a0-307-g4e7fcc93f0 (console) character file.

Game seed: 11299173085103116505

171 ifreund the Skirmisher (level 5, -5/43 HPs)
             Began as a Merfolk Abyssal Knight on July 15, 2020.
             Was a Believer of Lugonu.
             Splashed by Ijyb's acid (11 damage)
             ... on level 3 of the Dungeon.
             The game lasted 00:06:29 (3036 turns).

ifreund the Skirmisher (Merfolk Abyssal Knight)     Turns: 3036, Time: 00:06:30

Health: -5/43      AC:  6    Str: 13    XL:     5   Next: 51%
Magic:  7/7        EV: 12    Int: 12    God:    Lugonu [**....]
Gold:   69         SH:  0    Dex: 13    Spells: 4/4 levels left

rFire    . . .     SeeInvis .   a - +1 spear
rCold    . . .     Faith    .   (no shield)
rNeg     . . .     Spirit   .   i - +0 ring mail
rPois    .         Reflect  .   m - +0 helmet
rElec    .         Harm     .   (no cloak)
rCorr    .                      (no gloves)
MR       .....                  (no boots)
Stlth    +.........             (no amulet)
HPRegen  0.14/turn              (no ring)
MPRegen  0.10/turn              (no ring)

@: no status effects
A: change form in water, swift swim, stealthy swim
a: Depart the Abyss, Bend Space, Renounce Religion


You were on level 3 of the Dungeon.
You worshipped Lugonu.
Lugonu was pleased with you.
You visited 1 branch of the dungeon, and saw 3 of its levels.
You visited the Abyss 1 time.

You collected 69 gold pieces.

Inventory:

Hand Weapons
 a - a +1 spear (weapon)
Missiles
 b - 44 poisoned darts (quivered)
Armour
 i - a +0 ring mail (worn)
 m - a +0 helmet (worn)
Jewellery
 j - an uncursed ring of ice {unknown}
Scrolls
 c - 6 scrolls of identify {unknown}
 d - a scroll of immolation {unknown}
 e - 5 scrolls of remove curse {unknown}
 g - a scroll of noise {unknown}
 k - a scroll of teleportation {unknown}
 l - a scroll of blinking {unknown}
Potions
 f - a potion of lignification {unknown}
 h - 3 potions of curing {unknown}
 n - a potion of haste {unknown}


   Skills:
 * Level 4.9 Fighting
 + Level 4.4 Polearms
 - Level 0.7 Armour
 + Level 4.1 Dodging
 + Level 3.1 Invocations


You had 4 spell levels left.
You didn't know any spells.
Your spell library was empty.

Dungeon Overview and Level Annotations

Branches:
Dungeon (3/15)

Altars:

Annotations:
D:3 Ijyb


Message History

The bat hits you but does no damage.
You closely miss the bat. The bat closely misses you.
Attack whom?
Press: ? - help, Dir - move target cursor, f - bat
Aim: a bat You reach to attack!
You miss the bat. The bat misses you.
You hit the bat.
The bat is moderately wounded.
The bat closely misses you.
You hit the bat.
You kill the bat!
Lugonu accepts your kill.
An adder and Ijyb come into view.
Ijyb is wielding a +3 dagger of venom and carrying a wand of acid (6).
Ijyb shouts!
The adder hisses angrily.
Ijyb zaps a wand.
The bolt of acid hits you!
You are splashed with acid!
The adder moves out of view.
Ijyb zaps a wand.
The bolt of acid hits you!
* * * LOW HITPOINT WARNING * * *
You are splashed with acid!
You die...

#. #. #. ##.##. #...#.
#.# #...#. #..#######.#
####...#. ...g..g.##.#
#........ #.##.#
#.#...... #.##.#
#........ #.##.#
##.#...## #@##.# #.#...#
..####.##.######.#...#
#.....................##
###..................#.#
#......##.#####..##.##.
.........#.# #.........
##.........# ##...#.##.
##......### ##....#.#
#.#...## #.....## #.##.#
...#<# ...


You could see Ijyb.

Vanquished Creatures
  An orc priest (D:3)
  Jessica (D:3)
  Robin (D:2)
  3 adders
  2 worms (D:2)
  3 dart slugs
  4 leopard geckos (D:1)
  3 orcs (D:3)
  A ball python (D:1)
  9 goblins
  4 hobgoblins
  3 jackals (D:3)
  8 kobolds
  5 bats
  4 frilled lizards
  10 rats
62 creatures vanquished.

Notes
Turn   | Place    | Note
-------+----------+-------------------------------------------
     0 | Abyss:1  | ifreund the Merfolk Abyssal Knight began the quest for the
                  | Orb.
     0 | Abyss:1  | Reached XP level 1. HP: 18/18 MP: 2/2
     0 | Abyss:1  | Found a corrupted altar of Lugonu.
    80 | D:1      | Escaped the Abyss
    87 | D:1      | Noticed a soldier ant
    87 | D:1      | Noticed a tyrant leech
    87 | D:1      | Noticed a komodo dragon
    88 | D:1      | Noticed a centaur warrior
   337 | D:1      | Reached XP level 2. HP: 17/24 MP: 3/3
  1282 | D:2      | Reached XP level 3. HP: 28/30 MP: 4/4
  1549 | D:2      | Noticed Robin
  1567 | D:2      | Reached ** piety under Lugonu
  1645 | D:2      | Killed Robin
  1645 | D:2      | Reached XP level 4. HP: 32/37 MP: 5/5
  2674 | D:3      | Reached XP level 5. HP: 28/43 MP: 7/7
  2919 | D:3      | Noticed Jessica
  2933 | D:3      | Killed Jessica
  3033 | D:3      | Noticed Ijyb
  3036 | D:3      | Splashed by Ijyb's acid

Illustrated notes

Levels and vault maps discovered:
D:1:      onia_arrival_zoo_common, layout_basic
D:2:      layout_basic, uniq_robin
D:3:      lemuel_castle_with_subvaults [lemuel_castle_interior_original],
          layout_loops_ring, uniq_jessica, uniq_ijyb, uniq_natasha

Skill      XL: |  1  2  3  4  5 |
---------------+----------------+-----
Dodging        | 3 4 |  4.1
Fighting       | 4 |  4.9
Polearms       | 4 |  4.4
Invocations    | 3 |  3.1
Armour         | |  0.7

Action                   |  1- 3 |  4- 6 || total
-------------------------+-------+-------++-------
Melee: Spear             |   125 |   154 ||   279
Throw: Dart              |     1 |       ||     1
 Stab: Sleeping          |     1 |       ||     1
       Distracted        |       |     1 ||     1
Armor: Leather armour    |    14 |       ||    14
       Ring mail         |     5 |    42 ||    47
Dodge: Dodged            |    56 |    89 ||   145

Table legend:
 A = Non-vault XP
 B = Vault XP
 C = Vault XP percentage of total XP
 D = Non-vault monster count
 E = Vault monster count
 F = Vault count percentage of total count
                 A         B        C        D         E       F
            +---------+---------+-------+---------+---------+-------
      Total |     172 |      73 |  29.8 |      50 |      12 |  19.4
            +---------+---------+-------+---------+---------+-------
        D:1 |      31 |       0 |   0.0 |      19 |       0 |   0.0
        D:2 |      56 |      36 |  39.1 |      14 |      11 |  44.0
        D:3 |      85 |      37 |  30.3 |      17 |       1 |   5.6
            +---------+---------+-------+---------+---------+-------
